 Dungeon Crawl Stone Soup version 0.30-a0-867-g305f33218d (webtiles) character file.

Game seed: 9566258240294514189

50 PimpSugar the Magician (level 3, -3/25 HPs)
             Began as a Demonspawn Hedge Wizard on Mar 10, 2023.
             Slain by Grinder (4 damage)
             ... on level 3 of the Dungeon.
             The game lasted 00:08:19 (2087 turns).

PimpSugar the Magician (Demonspawn Hedge Wizard)    Turns: 2087, Time: 00:08:19

Health: -3/25      AC:  4    Str: 10    XL:     3   Next: 55%
Magic:  5/7        EV: 12    Int: 17    God:
Gold:   102        SH:  0    Dex: 12    Spells: 5/8 levels left

rFire   . . .      SeeInvis .    s - +0 triple sword
rCold   . . .      Faith    .    (shield currently unavailable)
rNeg    . . .      Spirit   .    b - +0 robe
rPois   .          Reflect  .    c - +0 hat
rElec   .          Rampage  .    (no cloak)
rCorr   .                        (no gloves)
Will    .....                    (no boots)
Stlth   ++                       (no amulet)
HPRegen 0.24/turn                (no ring)
MPRegen 0.20/turn                (no ring)

@: no status effects
A: thin metallic scales 1, magic regeneration
a: no special abilities


You were on level 3 of the Dungeon.
You visited 1 branch of the dungeon, and saw 3 of its levels.

You collected 102 gold pieces.

Inventory:

Hand Weapons
 a - a +0 dagger
 q - a +0 dagger of protection
 s - a +0 triple sword (weapon)
Missiles
 j - 3 javelins
 k - 34 stones
Armour
 b - a +0 robe (worn)
 c - a +0 hat (worn)
 g - a +0 leather armour
Scrolls
 d - a scroll of butterflies
 e - a scroll of noise
 h - a scroll of identify
 m - a scroll of fear {unknown}
 n - a scroll of immolation {unknown}
 o - a scroll of teleportation {unknown}
 r - a scroll of blinking {unknown}
 t - a scroll of brand weapon {unknown}
Potions
 f - a potion of heal wounds
 i - a potion of curing
 l - a potion of flight {unknown}
 p - a potion of ambrosia {unknown}


   Skills:
 + Level 0.6 Fighting
 + Level 2.0 Dodging
 + Level 2.0 Stealth
 * Level 3.3 Spellcasting
 * Level 1.7 Conjurations
 + Level 0.3 Hexes
 + Level 1.4 Summonings
 + Level 1.1 Translocations
 + Level 0.2 Transmutations
 * Level 0.2 Air Magic


You had 5 spell levels left.
You knew the following spells:

 Your Spells              Type           Power      Damage    Failure   Level
a - Magic Dart            Conj           32%        1d4       9%          1
b - Call Imp              Summ           7%         N/A       14%         2

Your spell library contained the following spells:

 Spells                   Type           Power      Damage    Failure   Level
 Apportation              Tloc           12%        N/A       11%         1
 Kiss of Death            Conj/Necr      20%        2d7       12%         1
 Slow                     Hex            12%        N/A       16%         1
 Blink                    Tloc           12%        N/A       16%         2
 Cigotuvi's Dreadful Rot  Necr/Pois/Air  6%         N/A       26%         2
 Mephitic Cloud           Conj/Pois/Air  5%         N/A       36%         3
 Confusing Touch          Hex            3%         N/A       41%         3
 Summon Lightning Spire   Summ/Air       5%         N/A       75%         4
 Dispel Undead            Necr           2%         3d7       86%         4
 Alistair's Intoxication  Tmut/Pois      2%         N/A       99%         5
 Storm Form               Tmut/Air       1%         N/A       100%        7
 Maxwell's Capacitive Co  Air            1%         ∞         100%        8


Dungeon Overview and Level Annotations

Branches:
Dungeon (3/15)

Altars:
Xom

Shops:
D:2 [

Annotations:
D:3 Grinder


Innate Abilities, Weirdness & Mutations

You are partially covered in thin metallic scales. (AC +2)
You regenerate magic rapidly.


Message History

Grinder comes into view.
Grinder moves out of view.
A bat comes into view.
You see here a +0 hand axe.
Casting: Magic Dart (safe; 9% risk of failure)
Confirm with . or Enter, or press ? or * to list all spells.
You miscast Call Imp.
You are very lightly contaminated with residual magic.
Nothing appears to happen.
Grinder shouts!
Casting: Call Imp (safe; 14% risk of failure)
Confirm with . or Enter, or press ? or * to list all spells.
A shadowy apparition takes form in the air.
Grinder says, "Wait up."
Your shadow imp hits Grinder but does no damage.
Your shadow imp hits Grinder.
Casting: Call Imp (safe; 14% risk of failure)
Confirm with . or Enter, or press ? or * to list all spells.
You don't know that spell.
Casting: Call Imp (safe; 14% risk of failure)
Confirm with . or Enter, or press ? or * to list all spells.
You don't know that spell.
Unknown command.
Hit: s) +0 triple sword
Press: ? - help, Dir - move target, f - you
Okay, then.
Grinder hits you but does no damage.
Your shadow imp barely misses Grinder.
Your magical contamination has completely faded away.
You closely miss Grinder.
Grinder is lightly wounded.
Grinder hits you.
You writhe in agony.
Your shadow imp completely misses Grinder.
You closely miss Grinder.
Grinder is lightly wounded.
Grinder barely misses you.
Your shadow imp hits Grinder.
Grinder hits you.
You writhe in agony.
Your shadow imp closely misses Grinder.
Grinder attacks as you move away! Grinder hits you!
* * * LOW HITPOINT WARNING * * *
You writhe in agony.
You die...

b........... ........... .
## ..........# .# ..
..........##. . #.
............ . #.
.......>..# ###. ##.
#.......# #.. ##..
#####...#######.# ##...
#...).55@....##.# #....
#.<.##########....#####....
#. ###...........
##....##.#.....
##....###.#.#... ##...###
#....... ##..#># ####....
####..##.# #.... #....###.#
#####...


You could see Grinder (ally target) and a friendly shadow imp (summoned).

Vanquished Creatures
  An adder (D:2)
  2 dart slugs (D:3)
  A ball python (D:1)
  2 bats (D:1)
  2 endoplasms
  A giant cockroach (D:1)
  6 hobgoblins
  5 kobolds
  A quokka (D:2)
  4 frilled lizards
  A goblin (D:1)
  2 rats
28 creatures vanquished.

Vanquished Creatures (collateral kills)
  An endoplasm (D:1)
  A hobgoblin (D:1)
  2 jackals (D:2)
  A kobold (D:2)
  A bat (D:2)
6 creatures vanquished.

Grand Total: 34 creatures vanquished

Notes
Turn   | Place    | Note
-------+----------+-------------------------------------------
     0 | D:1      | PimpSugar the Demonspawn Hedge Wizard began the quest for
                  | the Orb.
     0 | D:1      | Reached XP level 1. HP: 13/13 MP: 4/4
     1 | D:1      | Noticed an elf
    29 | D:1      | Reached skill level 1 in Translocations
   190 | D:1      | Gained mutation: You are partially covered in thin metallic
                  | scales. (AC +2) [demonic ancestry]
   190 | D:1      | Reached XP level 2. HP: 12/19 MP: 0/6
   334 | D:1      | Noticed an ogre
   351 | D:1      | Noticed a demonspawn
   480 | D:1      | Learned a level 2 spell: Call Imp
  1052 | D:2      | Found a shimmering altar of Xom.
  1079 | D:2      | Found Cekhor's Armour Boutique.
  1172 | D:2      | Gained mutation: You regenerate magic rapidly. [demonic
                  | ancestry]
  1172 | D:2      | Reached XP level 3. HP: 25/25 MP: 5/7
  2071 | D:3      | Noticed Grinder
  2087 | D:3      | HP: 1/25 [Grinder (8)]
  2087 | D:3      | Slain by Grinder

Illustrated notes

Levels and vault maps discovered:
D:1:      shiori_arrival_whats_in_store_for_you, layout_basic
D:2:      layout_basic, serial_shops, shop, basic_altar
D:3:      layout_rooms, uniq_grinder

Skill      XL: |  1  2 |
---------------+-------+-----
Translocations | 1 |  1.1
Dodging        | 2 |  2.0
Stealth        | 2 |  2.0
Fighting       | |  0.6
Spellcasting   | |  3.3
Conjurations   | |  1.7
Hexes          | |  0.3
Summonings     | |  1.4
Transmutations | |  0.2
Air Magic      | |  0.2

Action                     || total
---------------------------++-------
  Melee: Dagger            ||    79
         Triple sword      ||     9
         Punch             ||     1
   Cast: Magic Dart        ||    44
         Call Imp          ||     4
    Use: Potion            ||     1
         Scroll            ||     4
   Stab: Sleeping          ||     1
 Armour: Robe              ||    38
  Dodge: Dodged            ||    79

Table legend: (Time is in decaauts)
 A = Elapsed time spent in this place.
 B = Non-inter-level travel time spent in this place.
 C = Inter-level travel time spent in this place.
 D = Time resting spent in this place.
 E = Time spent auto-exploring this place.
 F = Levels seen in this place.
 G = Mean time per level.
                   A        B        C        D        E       F      G
               +--------+--------+--------+--------+--------+-----+--------+
         Total |   2092 |   1996 |     96 |     76 |   1405 |   3 |  697.3 |
       Dungeon |   2092 |   1996 |     96 |     76 |   1405 |   3 |  697.3 |
               +--------+--------+--------+--------+--------+-----+--------+

Top non-repeatable levels by time:
     D:1: 1052 daAuts
     D:2: 810 daAuts
     D:3: 230 daAuts
